AoeStats
← Caldi

Arena

510091200Analyzed
4v4 RM · 2d ago on Sep 29, 2026· 45m 18s· 8 players
Game mode
Random Map
Map size
Large (8 player)
Population
200
Speed
Normal
Resources
Standard
Victory
Conquest
Starting age
Dark Age
Ending age
Imperial Age
RankedLock teamsTeams togetherTeam positionsShared explorationLock speedFull tech treeHidden civsTurbo modeCheats
Victory
Defeat
🇨🇳 Britons · China
628
+10
🇯🇵 Ethiopians · Japan
601
+11
🇺🇸 Malay · United States
508
+14
459
+16
🇩🇪 Ethiopians · Germany
516
-14
🇧🇷 Persians · Brazil
493
-13
🇦🇺 Huns · Australia
461
-12
🇦🇺 Mongols · Australia
447
-12
Caldi
13:53 Feudal Age
14:37 Gold Mining
18:40 Castle Age
17:01 Double-Bit Axe
17:04 Loom
20:38 Loom
21:46 Horse Collar
23:10 Bow Saw
26:05 Wheelbarrow
29:34 Imperial Age
30:40 Drill
29:45 Capped Ram
30:48 Siege Ram
33:15 Hand Cart
32:47 Town Watch
33:14 Nomads
34:19 Gold Shaft Mining
cedric1112
5:20 Loom
11:01 Feudal Age
11:28 Horse Collar
11:56 Double-Bit Axe
18:46 Castle Age
18:04 Fletching
18:15 Padded Archer Armor
20:48 Bow Saw
21:11 Stone Mining
21:12 Gold Mining
22:08 Heavy Plow
21:59 Crossbowman
25:11 Thumb Ring
25:57 Bodkin Arrow
28:18 Light Cavalry
32:46 Imperial Age
31:03 Leather Archer Armor
32:03 Gold Shaft Mining
33:49 Wheelbarrow
33:51 Conscription
34:39 Arbalester
35:58 Ring Archer Armor
35:59 Bracer
38:51 Chemistry
MarkyKenz
3:38 Loom
13:46 Feudal Age
19:43 Wheelbarrow
18:56 Double-Bit Axe
19:09 Gold Mining
21:46 Stone Mining
22:27 Bloodlines
22:04 Horse Collar
25:01 Fletching
25:12 Padded Archer Armor
28:39 Castle Age
27:06 Scale Barding Armor
29:04 Forging
29:34 Bow Saw
29:44 Hand Cart
30:08 Gold Shaft Mining
29:47 Husbandry
30:47 Leather Archer Armor
31:59 Heavy Plow
33:43 Caravan
34:56 Thumb Ring
37:25 Bodkin Arrow
38:06 Iron Casting
37:53 Chain Barding Armor
38:26 Ballistics
38:20 Masonry
43:56 Imperial Age
42:47 Light Cavalry
45:33 Plate Barding Armor
45:59 Blast Furnace
45:00 Bracer
45:01 Town Watch
45:47 Parthian Tactics
46:00 Conscription
Morcego OTCHÓÓÓ
1:17 Loom
14:53 Feudal Age
15:17 Town Watch
15:18 Horse Collar
15:30 Double-Bit Axe
17:33 Wheelbarrow
21:24 Stone Mining
21:25 Gold Mining
29:08 Castle Age
31:15 Heavy Plow
31:52 Gold Shaft Mining
31:53 Stone Shaft Mining
31:33 Bow Saw
31:53 Thumb Ring
31:08 Crossbowman
32:04 Bloodlines
33:38 Husbandry
32:59 Light Cavalry
33:35 Gambesons
36:54 Scale Barding Armor
36:50 Scale Mail Armor
36:41 Fletching
39:47 Elite Skirmisher
40:52 Parthian Tactics
Kobe Bryant
10:24 Feudal Age
12:11 Wheelbarrow
11:24 Double-Bit Axe
12:35 Town Watch
15:52 Castle Age
15:09 Horse Collar
20:34 Bow Saw
24:56 Hand Cart
24:28 Loom
25:04 Heavy Plow
25:03 Stone Mining
30:35 Imperial Age
29:35 Forging
30:51 Iron Casting
30:21 Forced Levy
30:42 Conscription
31:13 Town Patrol
32:43 Blast Furnace
31:45 Caravan
32:15 Coinage
31:56 Guilds
32:33 Sanctity
31:44 Man-at-Arms
32:30 Squires
32:16 Arson
33:33 Chemistry
32:55 Ballistics
32:40 Siege Engineers
34:12 Sappers
34:35 Fletching
34:45 Padded Archer Armor
34:51 Scale Barding Armor
37:29 Bodkin Arrow
37:49 Leather Archer Armor
38:06 Banking
39:25 Bracer
39:55 Ring Archer Armor
40:05 Gold Mining
40:51 Stone Shaft Mining
45:06 Block Printing
45:01 Redemption
44:52 Devotion
45:17 Illumination
44:53 Atonement
45:13 Heresy
44:49 Herbal Medicine
44:59 Thalassocracy
44:19 Elite Karambit Warrior
Gatherer
11:15 Feudal Age
14:58 Castle Age
12:45 Double-Bit Axe
16:24 Bow Saw
15:56 Horse Collar
17:12 Wheelbarrow
17:15 Wheelbarrow
25:24 Heavy Plow
28:38 Imperial Age
26:28 Fletching
27:21 Hand Cart
26:53 Loom
28:02 Bodkin Arrow
28:16 Gold Mining
28:16 Stone Mining
28:17 Gold Mining
28:28 Town Watch
30:37 Two-Man Saw
30:17 Gold Shaft Mining
29:44 Bracer
32:54 Padded Archer Armor
32:15 Onager
33:18 Ballistics
33:58 Chemistry
33:04 Siege Engineers
33:59 Chemistry
33:04 Siege Engineers
32:39 Treadmill Crane
33:10 Masonry
32:56 Murder Holes
33:12 Fortified Wall
33:14 Elite Longbowman
33:55 Warwolf
34:15 Yeomen
33:55 Warwolf
34:27 Yeomen
35:46 Leather Archer Armor
36:34 Chemistry
35:32 Murder Holes
35:48 Fortified Wall
36:06 Town Patrol
36:35 Warwolf
37:00 Guilds
38:34 Hoardings
38:20 Conscription
39:12 Architecture
38:55 Sappers
39:02 Sappers
40:44 Squires
40:29 Gambesons
40:45 Squires
40:30 Gambesons
40:30 Arson
40:06 Man-at-Arms
40:06 Pikeman
40:59 Forging
40:49 Scale Mail Armor
40:55 Scale Barding Armor
40:50 Scale Mail Armor
40:55 Scale Barding Armor
41:00 Forging
41:20 Ring Archer Armor
40:52 Caravan
41:22 Coinage
43:13 Chain Mail Armor
43:33 Iron Casting
43:13 Chain Mail Armor
43:33 Iron Casting
43:18 Chain Barding Armor
43:55 Banking
44:37 Spies/Treason
MyGO!!!!! Dr. Shiina Taki
11:45 Feudal Age
15:46 Castle Age
14:29 Double-Bit Axe
17:04 Wheelbarrow
17:31 Wheelbarrow
17:08 Bow Saw
16:49 Horse Collar
22:29 Heavy Plow
22:45 Hand Cart
24:21 Gold Mining
24:24 Stone Mining
24:32 Loom
26:25 Stone Shaft Mining
29:32 Imperial Age
27:26 Fletching
28:28 Bodkin Arrow
35:27 Padded Archer Armor
35:49 Crenellations
34:51 Elite Teutonic Knight
35:52 Conscription
35:05 Sappers
36:13 Hoardings
36:51 Forging
36:42 Scale Mail Armor
39:39 Iron Casting
39:11 Scale Barding Armor
39:21 Leather Archer Armor
40:35 Chain Mail Armor
41:50 Squires
41:36 Arson
42:55 Chemistry
42:01 Siege Engineers
42:17 Ballistics
41:34 Onager
44:38 Siege Onager
44:40 Heavy Scorpion
46:49 Blast Furnace
46:21 Plate Mail Armor
Carpet Johan
10:26 Feudal Age
14:00 Castle Age
11:50 Double-Bit Axe
12:49 Horse Collar
21:46 Wheelbarrow
22:05 Heavy Plow
21:53 Loom
22:47 Bow Saw
25:07 Hand Cart
24:51 Gold Mining
29:57 Imperial Age
27:46 Fortified Wall
27:56 Ballistics
28:14 Gold Shaft Mining
27:29 Stone Mining
29:55 Masonry
32:12 Two-Man Saw
31:25 Heavy Scorpion
33:06 Chemistry
32:09 Torsion Engines
32:29 Conscription
32:57 Town Watch
33:06 Fletching
33:26 Forging
33:16 Scale Mail Armor
35:54 Stone Shaft Mining
35:56 Onager
38:24 Siege Engineers
38:50 Architecture
44:09 Bodkin Arrow
44:49 Iron Casting
44:30 Chain Mail Armor
45:58 Bracer
Connection lost

Rejoining the realm…

Still unreachable

The connection could not be restored.

Session expired

The server has moved on; the page needs a fresh start.